Map: 暮色之塔

Players

shengy

  • Race: Zerg Zerg
  • League: Platinum

Cawliss - Winner!

  • Race: Terran Terran
  • League: Platinum

VOD

Have the link to the VOD?

Description

Time

  • Played on: Dec. 22, 2015, 10:15 p.m.
  • Length: 3:30
Show
View Real Time Build Order
Export as new Build Order

shengy Zerg 

Build Orders: Hatch First 

Get SALT Encoding   

  12  0:01  Drone  
  13  0:08  Drone  
  14  0:17  Overlord  
  14  0:35  Drone x3  
  17  0:46  Drone  
  18  0:56  Hatchery  
  17  1:00  Drone  
  18  1:13  Spawning Pool  
  18  1:16  Drone  
  18  1:21  Drone  
  19  1:28  Overlord  
  19  2:01  Queen, Extractor, Zergling x4  
  20  2:04  Spine Crawler, Zergling x2  
  22  2:10  Queen  
  22  2:11  Zergling x2  
  25  2:17  Spine Crawler  
  24  2:36  Drone  
  24  2:48  Queen  
  26  2:53  Baneling Nest, Drone  
  26  2:55  Spine Crawler  
  24  3:00  Zergling x2  
  24  3:01  Zergling x2  
Show
View Real Time Build Order
Export as new Build Order

Cawliss Terran - Winner!

Build Orders:  

Get SALT Encoding   

  12  0:01  SCV  
  13  0:13  SCV  
  14  0:25  SCV  
  14  0:26  Supply Depot  
  15  0:48  Barracks  
  15  0:52  Barracks  
  15  1:05  Barracks  
  15  1:09  SCV  
  16  1:22  SCV  
  17  1:35  Marine  
  17  1:36  Barracks  
  18  1:40  Marine  
  18  1:47  Barracks  
  19  1:52  Marine  
  20  1:54  Marine  
  20  2:00  Supply Depot  
  21  2:03  Marine  
  22  2:09  Marine  
  23  2:21  Marine x2  
  25  2:25  Marine  
  25  2:27  Marine  
  27  2:35  Marine  
  28  2:39  Marine x2  
  30  2:45  Supply Depot  
  30  2:46  Marine  
  31  3:06  Marine x2  
  31  3:07  Marine  
  31  3:10  Marine x2  
Tags
 
Add a new tag
Caveats
  • Supply blocks, unpowered buildings, or Contaminate may cause inaccurate times.
  • Supply counts are checked every 10 seconds.